 Dungeon Crawl Stone Soup version 0.19-a0-1637-gfc13266 (webtiles) character file.

6411 Ijustatesigmund the Thaumaturge (level 10, -2/56 HPs)
             Began as a Deep Elf Wizard on Sept 16, 2016.
             Was a Follower of Cheibriados.
             Slain by an eight-headed hydra (10 damage)
             ... on level 9 of the Dungeon on Sept 19, 2016.
             The game lasted 00:52:11 (10850 turns).

Ijustatesigmund the Thaumaturge (Deep Elf Wizard)  Turns: 10850, Time: 00:52:13

Health: -2/56      AC: 16    Str:  6    XL:     10   Next: 66%
Magic:  5/24       EV: 15    Int: 26    God:    Cheibriados [*.....]
Gold:   541        SH:  0    Dex: 18    Spells: 9 memorised, 2 levels left

rFire  . . .     SeeInvis .     A - +3 rapier (flame)
rCold  + . .     Gourm    .     l - +1 robe {rC+}
rNeg   . . .     Faith    .     (no shield)
rPois  .         Spirit   .     F - +2 helmet
rElec  .         Dismiss  .     p - +1 cloak
rCorr  .         Reflect  .     n - +1 pair of gloves
MR     +....     Harm     .     g - +2 pair of boots
Stlth  +++.......               (no amulet)
                                t - ring of wizardry
                                E - +3 ring of protection

@: very slightly contaminated, repel missiles, very slow
A: no striking features
a: Bend Time, Renounce Religion


You were on level 9 of the Dungeon.
You worshipped Cheibriados.
Cheibriados was aware of your devotion.
You were not hungry.

You visited 2 branches of the dungeon, and saw 13 of its levels.

You collected 541 gold pieces.

Inventory:

Hand Weapons
 s - a +0 hand crossbow
 A - a +3 rapier of flaming (weapon)
Missiles
 H - 50 bolts
 J - 5 poisoned tomahawks (quivered)
Armour
 g - a +2 pair of boots (worn)
 l - a +1 robe of cold resistance (worn)
 n - a +1 pair of gloves (worn)
 p - a +1 cloak (worn)
 F - a +2 helmet (worn)
Jewellery
 a - an uncursed ring of protection from fire
 f - an uncursed ring of protection from cold
 q - an uncursed ring of poison resistance
 t - a ring of wizardry (right hand)
 D - an uncursed ring of positive energy
 E - a +3 ring of protection (left hand)
 G - an uncursed ring of resist corrosion
 K - an uncursed ring of protection from magic
 P - an uncursed ring of fire
 S - an uncursed ring of ice
Wands
 o - a wand of enslavement (18/24)
 r - a wand of confusion (2/48)
 v - a wand of flame (5/48)
 y - a wand of digging (10/24)
 Q - a wand of flame (5/48)
Scrolls
 e - 4 scrolls of remove curse
 j - a scroll of magic mapping
 z - 2 scrolls of recharging
Potions
 b - 2 potions of ambrosia
 h - 2 potions of heal wounds
 k - 7 potions of curing
 m - 2 potions of brilliance
 w - 2 potions of might
 x - a potion of resistance
 C - a potion of cure mutation {unknown}
 I - 2 potions of invisibility {unknown}
Books
 c - a book of Minor Magic

   Spells                             Type                      Level
   a - Magic Dart                     Conjuration                  1
   b - Blink                          Translocation                2
   c - Call Imp                       Summoning                    2
   d - Repel Missiles                 Charms/Air                   2
   e - Slow                           Hexes                        2
   f - Conjure Flame                  Conjuration/Fire             3
   g - Mephitic Cloud                 Conjuration/Poison/Air       3
 u - a book of Beasts

   Spells                             Type                      Level
   a - Summon Butterflies             Summoning                    1
   b - Call Canine Familiar           Summoning                    3
   c - Summon Ice Beast               Ice/Summoning                4
   d - Summon Mana Viper              Hexes/Summoning              5
   e - Summon Hydra                   Summoning                    7
 L - a book of Maledictions

   Spells                             Type                      Level
   a - Corona                         Hexes                        1
   b - Ensorcelled Hibernation        Hexes/Ice                    2
   c - Confuse                        Hexes                        3
   d - Tukima's Dance                 Hexes                        3
   e - Dazzling Spray                 Conjuration/Hexes            3
 N - a book of Clouds

   Spells                             Type                      Level
   a - Mephitic Cloud                 Conjuration/Poison/Air       3
   b - Conjure Flame                  Conjuration/Fire             3
   c - Poisonous Cloud                Conjuration/Poison/Air       6
   d - Freezing Cloud                 Conjuration/Ice/Air          6
   e - Ring of Flames                 Charms/Fire                  7
Comestibles
 d - 7 bread rations
 i - 7 meat rations
 B - 6 beef jerkies
 O - 7 slices of pizza
 R - a royal jelly


   Skills:
 - Level 3.1 Fighting
 - Level 5.4 Short Blades
 - Level 3.2 Crossbows
 - Level 5.0 Dodging
 + Level 4.3 Stealth
 - Level 8.3 Spellcasting
 - Level 7.0 Conjurations
 - Level 6.8 Charms
 - Level 1.1 Summonings
 - Level 3.2 Translocations
 - Level 3.1 Fire Magic
 + Level 5.8 Air Magic
 + Level 5.0 Poison Magic
 + Level 2.7 Invocations


You had 2 spell levels left.
You knew the following spells:

 Your Spells              Type           Power        Failure   Level  Hunger
a - Magic Dart            Conj           ####         1%          1    None
b - Blink                 Tloc           N/A          1%          2    None
c - Repel Missiles        Chrm/Air       #####.       1%          2    None
d - Mephitic Cloud        Conj/Pois/Air  #####...     1%          3    None
e - Conjure Flame         Conj/Fire      #####...     1%          3    None
f - Summon Butterflies    Summ           ###.....     1%          1    None
g - Poisonous Cloud       Conj/Pois/Air  #####.....   41%         6    ######.
h - Ensorcelled Hibernat  Hex/Ice        ##....       4%          2    None
i - Dazzling Spray        Conj/Hex       ####..       1%          3    None


Dungeon Overview and Level Annotations

Branches:
Dungeon (12/15)            Temple (1/1) D:7            Lair (0/6) D:8
    Orc: D:9-12

Altars:
Ashenzari
Cheibriados
Dithmenos
Elyvilon
Fedhas
Gozag
Hepliaklqana
Kikubaaqudgha
Makhleb
Nemelex Xobeh
Okawaru
Qazlal
Ru
Sif Muna
Trog
Uskayaw
Vehumet
Xom
Yredelemnul
Zin
The Shining One

Shops:
D:4 =

Annotations:
D:8 Maurice


Message History

The eight-headed hydra completely misses you.
The eight-headed hydra closely misses you.
Casting: Dazzling Spray
Confirm with . or Enter, or press ? or * to list all spells.
You blink.
Unknown command.
Casting: Blink
Confirm with . or Enter, or press ? or * to list all spells.
You miscast Blink.
You are very lightly contaminated with residual magic.
Strange energies run through your body.
The eight-headed hydra closely misses you.
The eight-headed hydra bites you.
* * * LOW HITPOINT WARNING * * *
The eight-headed hydra bites you but does no damage.
The eight-headed hydra bites you.
* * * LOW HITPOINT WARNING * * *
The eight-headed hydra bites you but does no damage. x2
The eight-headed hydra bites you!
You die...

....# #.# #.#####... ....#
####.#### #.# ###. .8..+
#...D...######.# #. ....#
####..#........# #. ....#
#....######## #. #+### ### #.####
#. #.# #...# ## #.# ###§# #.# #@#
#.# #D# #.# ##.## #.######§..###
#.)..........#############
########...#..............
################.################
.................#
##################


You could see an eight-headed hydra.

Vanquished Creatures
  Pikel (D:7)
  Joseph (D:7)
  A two-headed ogre (D:8)
  A troll (D:12)
  3 hippogriffs
  4 hogs (D:7)
  A yak (D:8)
  A human (D:7)
  3 orc warriors
  Duvessa (D:6)
  A black bear (D:8)
  A sky beast (D:9)
  2 ice beasts
  3 ogres
  3 phantoms (D:6)
  3 slaves (D:7)
  An eye of draining (D:8)
  2 crocodiles
  The ghost of p0werm0de the Skirmisher, an amateur TeWn (D:3)
  4 bullfrogs
  Dowan (D:6)
  2 scorpions
  A wight (D:10)
  4 howler monkeys
  A bullfrog zombie (D:5)
  4 crimson imps
  5 hounds
  2 jellies
  2 orc priests
  4 bullfrog skeletons
  2 centaur skeletons
  Crazy Yiuf (D:3)
  4 iguanas
  7 orc wizards
  9 worker ants
  4 gnolls (D:5)
  19 adders
  A howler monkey skeleton (D:8)
  2 river rats (D:8)
  2 shadow imps
  2 oozes
  3 adder zombies
  An adder skeleton (D:4)
  2 worms
  5 leopard geckos
  28 orcs
  3 giant cockroaches
  8 goblins
  5 hobgoblins
  5 jackals
  2 quokkas (D:2)
  6 ball pythons
  15 bats
  9 frilled lizards
  8 kobolds
  A leopard gecko skeleton (D:6)
  2 leopard gecko zombies (D:5)
  20 rats
240 creatures vanquished.

Vanquished Creatures (others)
  2 fungi (D:8)
2 creatures vanquished.

Grand Total: 242 creatures vanquished

Notes
Turn   | Place    | Note
-------+----------+-------------------------------------------
     0 | D:1      | Ijustatesigmund the Deep Elf Wizard began the quest for the Orb.
     0 | D:1      | Reached XP level 1. HP: 10/10 MP: 7/7
   139 | D:1      | Reached XP level 2. HP: 15/15 MP: 0/9
   224 | D:1      | Learned a level 2 spell: Blink
   227 | D:1      | Learned a level 2 spell: Repel Missiles
   539 | D:1      | Reached XP level 3. HP: 19/19 MP: 1/10
  1008 | D:2      | Learned a level 3 spell: Mephitic Cloud
  1508 | D:2      | Upgraded the game from 0.19-a0-1587-gaef70b6 to 0.19-a0-1637-gfc13266
  1536 | D:2      | Reached XP level 4. HP: 24/24 MP: 4/12
  1541 | D:2      | Learned a level 3 spell: Conjure Flame
  1965 | D:2      | Reached skill level 1 in Fire Magic
  2398 | D:3      | Found a runed door.
  2402 | D:3      | Noticed Crazy Yiuf
  2439 | D:3      | Killed Crazy Yiuf
  2439 | D:3      | Reached XP level 5. HP: 28/28 MP: 1/13
  2633 | D:3      | Noticed p0werm0de's ghost (amateur TeWn)
  2648 | D:3      | Killed p0werm0de's ghost
  3149 | D:3      | Learned a level 1 spell: Summon Butterflies
  3240 | D:4      | Found Dylluux's Jewellery Boutique.
  3245 | D:4      | Reached XP level 6. HP: 33/33 MP: 8/14
  3295 | D:4      | Reached skill level 1 in Air Magic
  3387 | D:4      | Reached skill level 1 in Fighting
  3393 | D:4      | Reached skill level 1 in Poison Magic
  3827 | D:5      | Entered Level 5 of the Dungeon
  4108 | D:5      | Reached XP level 7. HP: 39/39 MP: 7/15
  4334 | D:5      | Reached skill level 1 in Short Blades
  4466 | D:5      | Reached skill level 5 in Spellcasting
  4739 | D:5      | Reached skill level 6 in Spellcasting
  4964 | D:5      | Reached XP level 8. HP: 35/44 MP: 10/19
  5086 | D:6      | Noticed Duvessa
  5086 | D:6      | Noticed Dowan
  5102 | D:6      | Killed Dowan
  5112 | D:6      | Killed Duvessa
  5112 | D:6      | Reached skill level 7 in Spellcasting
  5188 | D:6      | Found a shadowy altar of Dithmenos.
  5373 | D:6      | Reached skill level 5 in Short Blades
  5478 | D:6      | Reached skill level 8 in Spellcasting
  5758 | D:6      | Found a shattered altar of Ashenzari.
  5810 | D:6      | Found a hide-covered altar of Uskayaw.
  5936 | D:6      | Found a white marble altar of Elyvilon.
  5936 | D:6      | Found an ancient bone altar of Kikubaaqudgha.
  6055 | D:7      | Reached skill level 1 in Crossbows
  6184 | D:7      | Noticed a hippogriff
  6198 | D:7      | Killed a hippogriff
  6517 | D:7      | Noticed Pikel
  6530 | D:7      | Killed Pikel
  6530 | D:7      | Reached XP level 9. HP: 46/48 MP: 10/23
  6682 | D:7      | Reached skill level 5 in Dodging
  6874 | D:7      | Noticed Joseph
  6905 | D:8      | Reached skill level 1 in Charms
  6994 | D:8      | Noticed Maurice
  7165 | D:8      | Reached skill level 5 in Conjurations
  7452 | D:8      | Found a deep blue altar of Sif Muna.
  7503 | D:8      | Reached skill level 5 in Charms
  8025 | D:7      | Found a stormy altar of Qazlal.
  8153 | D:7      | Killed Joseph
  8153 | D:7      | Reached XP level 10. HP: 33/53 MP: 9/24
  8286 | D:7      | Learned a level 6 spell: Poisonous Cloud
  8409 | D:7      | Reached skill level 5 in Air Magic
  8675 | D:7      | Found a staircase to the Ecumenical Temple.
  8852 | Temple   | Entered the Ecumenical Temple
  9344 | D:8      | Found a staircase to the Lair.
  9422 | D:8      | Found a bloodstained altar of Trog.
  9430 | D:8      | Found a radiant altar of Vehumet.
  9435 | D:8      | Found a sparkling altar of Nemelex Xobeh.
  9521 | D:8      | Found a snail-covered altar of Cheibriados.
  9530 | D:8      | Became a worshipper of Cheibriados the Contemplative
  9742 | D:9      | Reached skill level 5 in Poison Magic
  9814 | D:9      | Found a sacrificial altar of Ru.
 10185 | D:9      | Reached skill level 1 in Invocations
 10192 | D:9      | You fall through a shaft for 3 floors!
 10349 | D:12     | Reached * piety under Cheibriados
 10441 | D:10     | Entered Level 10 of the Dungeon
 10597 | D:9      | Noticed a seven-headed hydra
 10790 | D:10     | Learned a level 2 spell: Ensorcelled Hibernation
 10794 | D:10     | Learned a level 3 spell: Dazzling Spray
 10838 | D:9      | Noticed an eight-headed hydra
 10850 | D:9      | Slain by an eight-headed hydra

Vault maps used:
D:1:      minmay_arrival_stone_box
D:2:      grunt_ministairs_9, minmay_tromino_v7
D:3:      first_bread, uniq_crazy_yiuf_cottage
D:4:      serial_shops, shop
D:5:      minmay_opposing_rooms
D:6:      kennysheep_mini_moat, nicolae_overflow_crystal_walls,
          gammafunk_temple_overflow_wave, nicolae_dithmenos_shadow_blocks,
          uniq_duvessa
D:7:      nicolae_qazlal_general_emergency, grunt_livestock, uniq_joseph,
          uniq_pikel
D:8:      grunt_temple_overflow_diamond, led_sif_pool, cheibriados_altar_1,
          grunt_lair_entry_orc_guard_hut, uniq_maurice
D:9:      nicolae_overflow_hidden_temple, minmay_three_doors
D:10:     erik_orc_1, minmay_curled_crystal, lemuel_centaur_altar
D:11:     uniq_harold, uniq_psyche
D:12:     kennysheep_minor_cross
Temple:   chequers_temple_sunken

Skill      XL: |  1  2  3  4  5  6  7  8  9 10 |
---------------+-------------------------------+-----
Conjurations   | 2 3 4 7 |  7.0
Fire Magic     | 2 3 |  3.1
Translocations | 2 3 |  3.2
Air Magic      | 2 4 5 |  5.8
Fighting       | 1 2 3 |  3.1
Poison Magic   | 2 5 |  5.0
Short Blades   | 3 5 |  5.4
Spellcasting   | 6 8 |  8.3
Crossbows      | 2 3 |  3.2
Dodging        | 4 5 |  5.0
Charms         | 6 |  6.8
Invocations    | 2 |  2.7
Stealth        | 4 |  4.3
Summonings     | |  1.1

Action                   |  1- 3 |  4- 6 |  7- 9 | 10-12 || total
-------------------------+-------+-------+-------+-------++-------
Melee: Dagger            |    10 |     9 |       |       ||    19
       Rapier            |       |       |   150 |    85 ||   235
       Unarmed           |       |       |     2 |       ||     2
Throw: Tomahawk          |       |       |       |     4 ||     4
 Cast: Magic Dart        |    82 |   146 |   364 |   157 ||   749
       Repel Missiles    |     1 |       |     1 |       ||     2
       Blink             |     2 |       |     3 |     5 ||    10
       Mephitic Cloud    |     1 |     1 |    20 |    13 ||    35
       Conjure Flame     |       |       |     5 |     4 ||     9
       Dazzling Spray    |       |       |       |     2 ||     2
       Ensorcelled Hiber |       |       |       |     1 ||     1
Evoke: Wand              |       |     2 |     9 |       ||    11
  Use: Scroll            |     3 |     7 |     6 |     7 ||    23
       Potion            |       |       |     2 |       ||     2
 Stab: Sleeping          |     2 |     1 |     1 |     4 ||     8
       Confused          |       |     1 |    10 |     5 ||    16
  Eat: Chunk             |     2 |     4 |    10 |     5 ||    21
       Beef jerky        |       |     1 |       |     2 ||     3
       Fruit             |       |     2 |     2 |       ||     4
       Pizza             |       |       |     1 |       ||     1
Armor: Robe              |     4 |    14 |    64 |    36 ||   118
Dodge: Dodged            |     8 |    20 |   127 |    68 ||   223
       Deflected         |       |     2 |     3 |       ||     5
